 Dungeon Crawl Stone Soup version 0.27.1-33-g824d729ab1 (webtiles) character file.

Game seed: 17345149476513772279

14758 Mathemagician the Cleaver (level 11, -1/101 HPs)
             Began as a Minotaur Berserker on Dec 17, 2021.
             Was a Believer of Trog.
             Slain by an orc warrior (5 damage)
             ... on level 11 of the Dungeon.
             The game lasted 03:14:00 (21756 turns).

Mathemagician the Cleaver (Minotaur Berserker)     Turns: 21756, Time: 03:14:01

Health: -1/101     AC: 18    Str: 25    XL:     11   Next: 92%
Magic:  10/10      EV: 10    Int:  4    God:    Trog [**....]
Gold:   712        SH:  4    Dex: 10    Spells: 10/10 levels left

rFire    . . .     SeeInvis +   L - +2 flail (protect)
rCold    . . .     Faith    .   a - +0 buckler
rNeg     . . .     Spirit   .   S - +0 plate armour
rPois    .         Reflect  .   A - +1 hat
rElec    .         Harm     .   z - +0 cloak
rCorr    .         Rampage  .   q - +0 pair of gloves
Will     .....                  (no boots)
Stlth    ..........             (no amulet)
HPRegen  0.26/turn              b - ring of flight
MPRegen  0.12/turn              s - ring of see invisible

@: about to teleport, flying
A: horns 2, retaliatory headbutt
a: Renounce Religion, Berserk, Trog's Hand


You were on level 11 of the Dungeon.
You worshipped Trog.
Trog was pleased with you.
You visited 1 branch of the dungeon, and saw 11 of its levels.

You collected 712 gold pieces.

Inventory:

Hand Weapons
 k - the +6 war axe of Discretion {drain, Str+6}
   (You took it off a kobold on level 11 of the Dungeon)

   A truly terrible weapon, it drains the life of any living foe it strikes.
   Str:       It affects your strength (+6).
 v - a +2 war axe of holy wrath
 y - a +0 hand axe of venom
 I - a +1 scimitar of flaming
 L - a +2 flail of protection (weapon)
Missiles
 o - 11 boomerangs (quivered)
 F - 2 throwing nets
Armour
 a - a +0 buckler (worn)
 q - a +0 pair of gloves (worn)
 z - a +0 cloak (worn)
 A - a +1 hat (worn)
 S - a +0 plate armour (worn)
Jewellery
 b - a ring of flight (left hand)
 g - a ring of protection from fire
 s - a ring of see invisible (right hand)
 E - the ring "Zaymm" {Ice +Blink Fly Str+6 Int-3}
   (You found it on level 7 of the Dungeon)

   [ring of ice]

   It enhances your ice magic.
   Str:       It affects your strength (+6).
   Int:       It affects your intelligence (-3).
   rF:        It makes you vulnerable to fire.
   rC:        It protects you from cold.
   Fly:       It grants you flight.
   +Blink:    It lets you blink.
Wands
 i - a wand of digging (5)
 t - a wand of polymorph (20)
 D - a wand of flame (5)
 G - a wand of mindburst (2)
Scrolls
 c - a scroll of identify
 e - a scroll of enchant weapon
 f - 2 scrolls of magic mapping
 h - a scroll of fog
 l - a scroll of noise
 r - a scroll of fear {unknown}
 u - a scroll of teleportation
 w - a scroll of enchant armour {unknown}
 C - 3 scrolls of summoning {unknown}
 J - a scroll of silence {unknown}
 K - 2 scrolls of torment
 P - 2 scrolls of amnesia {unknown}
 Q - a scroll of vulnerability {unknown}
Potions
 d - 4 potions of curing
 j - a potion of resistance
 m - a potion of heal wounds
 n - 3 potions of flight
 p - 2 potions of attraction
 x - a potion of brilliance
 B - 2 potions of degeneration
 H - 3 potions of magic
 M - a potion of mutation
 O - a potion of might
 R - a potion of lignification {unknown}
Miscellaneous
 N - a box of beasts (inert)


   Skills:
 + Level 10.6 Fighting
 + Level 13.2(13.7) Axes
 * Level 6.8(10.9) Maces & Flails
 + Level 10.4 Armour
 + Level 9.6 Dodging
 - Level 4.0 Shields


You had 10 spell levels left.
You didn't know any spells.
Your spell library was empty.

Dungeon Overview and Level Annotations

Branches:
Dungeon (11/15)            Temple (0/1) D:6            Lair (0/6) D:11
    Orc (0/2) D:11

Altars:
Cheibriados
Dithmenos
Gozag
Nemelex Xobeh
Sif Muna
Trog
Wu Jian
Xom
Yredelemnul

Shops:
D:8 (

Annotations:
D:8 2 transporters, spimroxx's ghost, novice GnFi


Innate Abilities, Weirdness & Mutations

You have a pair of horns on your head.
You reflexively headbutt those who attack you in melee.


Message History

The centaur warrior shoots an arrow.
The arrow hits you but does no damage.
Hit: L) +2 flail (protect)
Press: ? - help, Dir - move target, f - orc warrior
Aim: an orc warrior, wielding a +0 short sword and wearing a +0 plate armour (moderately wounded, about 34% to evade your +2 flail of protection)
Okay, then.
You can't go up here!
Hit: L) +2 flail (protect)
Press: ? - help, Dir - move target, f - orc warrior
Aim: an orc warrior, wielding a +0 short sword and wearing a +0 plate armour (moderately wounded, about 34% to evade your +2 flail of protection)
Okay, then.
You open the lid... ...and a larval batfire beast flies out!
The box is emptied!
The centaur warrior shoots an arrow.
The arrow hits you.
The centaur warrior shoots an arrow.
You block the arrow.
The centaur warrior shoots an arrow.
The arrow hits you!
The orc warrior hits you with a +0 short sword!
The centaur warrior shoots an arrow.
The arrow closely misses you.
Your larval batfire beast breathes flames at the orc warrior.
The blast of flame hits the orc warrior.
The centaur warrior shoots an arrow.
The arrow misses you.
The centaur warrior shoots an arrow.
The arrow hits you!
Your larval batfire beast completely misses the orc warrior.
The centaur warrior shoots an arrow.
The arrow hits you!
* * * LOW HITPOINT WARNING * * *
The orc warrior hits you with a +0 short sword.
* * * LOW HITPOINT WARNING * * *
Press: ? - help, v - describe, . - travel
Here: a centaur warrior, wielding a +0 longbow and quivering arrows The floor.
Press: ? - help, v - describe, . - travel
Here: a centaur warrior, wielding a +0 longbow and quivering arrows The floor.
Okay, then.
Unknown command.
As you read the scroll of teleportation, it crumbles to dust.
You feel strangely unstable.
The centaur warrior shoots an arrow.
The arrow hits you!
* * * LOW HITPOINT WARNING * * *
The orc warrior hits you with a +0 short sword.
You die...

...##..............#......#
..###..............#..[...# ..#
#..............#'############
#####.....##########.....#.......
....#.....#..............#.......
....#.....'..............#.......
....'.....#..............'.......
###.#.....###########'####.......
######'#........@................
.......#.........oH.......######'
.......#.....:............#......
.......#........c...oo....#.#####
########............c.....#.# ..
......#########......#[# ..
......' #......'.# .. .......#
#......#.# .. ....... #......###
.


You could see 2 centaur warriors, an orc warrior (ally target), an orc priest,
an orc and a friendly larval batfire beast (summoned).

Vanquished Creatures
  Harold (D:8)
  Erolcha (D:8)
  2 boulder beetles
  A death knight (D:11)
  Erica (D:7)
  2 two-headed ogres
  A skeletal warrior (D:10)
  An ugly thing (D:8)
  A cyclops (D:10)
  A kobold demonologist (D:10)
  Psyche (D:8)
  Grinder (D:4)
  2 shadows
  2 wyverns
  A vampire (D:11)
  11 yaks
  Eustachio (D:4)
  2 water moccasins
  A black bear (D:6)
  6 orc warriors
  4 sky beasts
  3 necrophages
  3 ice beasts
  An ogre (D:7)
  A phantom (D:5)
  4 centaurs
  A kobold brigand (D:11)
  3 bullfrogs
  A scorpion (D:4)
  A gnoll sergeant (D:7)
  4 earth elementals (D:10)
  2 water moccasin skeletons
  4 howler monkeys
  4 crimson imps (D:9)
  A lava snake (D:8)
  3 centaur zombies
  4 jellies
  4 hounds
  A bullfrog skeleton (D:7)
  7 orc priests
  A centaur skeleton (D:4)
  An iguana (D:4)
  Terence (D:3)
  A scorpion zombie (D:5)
  18 orc wizards
  A killer bee zombie (D:7)
  A hound skeleton (D:5)
  A mummy (D:10)
  2 howler monkey zombies
  10 gnolls
  2 howler monkey skeletons (D:6)
  11 adders
  A shadow imp (D:6)
  A white imp (D:7)
  An ufetubus (D:5)
  2 dart slugs
  34 orcs
  4 endoplasms
  4 giant cockroaches
  3 goblins
  9 hobgoblins
  4 quokkas
  5 ball pythons
  5 bats
  4 frilled lizards
  5 kobolds
  5 rats
233 creatures vanquished.

Vanquished Creatures (others)
  A plant (D:2)
1 creature vanquished.

Grand Total: 234 creatures vanquished

Notes
Turn   | Place    | Note
-------+----------+-------------------------------------------
     0 | D:1      | Mathemagician the Minotaur Berserker began the quest for
                  | the Orb.
     0 | D:1      | Reached XP level 1. HP: 19/19 MP: 0/0
   440 | D:1      | Reached XP level 2. HP: 26/27 MP: 1/1
   509 | D:1      | Reached skill level 4 in Axes
  1314 | D:2      | Found a shimmering altar of Xom.
  1352 | D:2      | Reached ** piety under Trog
  1407 | D:2      | You are sucked into a shaft and drop 1 floor!
  1415 | D:3      | Reached XP level 3. HP: 33/33 MP: 2/2
  1503 | D:3      | Noticed Terence
  2172 | D:3      | Killed Terence
  2173 | D:3      | Reached XP level 4. HP: 40/40 MP: 3/3
  2473 | D:2      | Reached skill level 5 in Axes
  2896 | D:3      | Found a faded altar of an unknown god.
  3202 | D:3      | Found a snail-covered altar of Cheibriados.
  3211 | D:3      | Found a bloodstained altar of Trog.
  3476 | D:4      | Reached XP level 5. HP: 47/47 MP: 4/4
  3580 | D:4      | Noticed Eustachio
  4042 | D:4      | Killed Eustachio
  4043 | D:4      | Reached skill level 6 in Axes
  4043 | D:4      | Reached XP level 6. HP: 32/55 MP: 5/5
  4328 | D:4      | Reached skill level 5 in Fighting
  5220 | D:5      | Entered Level 5 of the Dungeon
  5222 | D:5      | Noticed a water moccasin
  5233 | D:4      | Killed a water moccasin
  5234 | D:4      | Reached XP level 7. HP: 61/61 MP: 6/6
  5411 | D:4      | Reached skill level 7 in Axes
  5485 | D:5      | Reached skill level 5 in Armour
  5580 | D:5      | Noticed Grinder
  5619 | D:5      | Paralysed by Grinder for 6 turns
  5634 | D:4      | Killed Grinder
  5750 | D:5      | Reached skill level 5 in Dodging
  5750 | D:5      | Reached XP level 8. HP: 65/70 MP: 7/7
  5840 | D:4      | Reached skill level 8 in Axes
  6148 | D:5      | Found a basalt altar of Yredelemnul.
  6150 | D:5      | Found a sparkling altar of Nemelex Xobeh.
  6152 | D:5      | Found a shimmering blue altar of Sif Muna.
  6709 | D:6      | Found a staircase to the Ecumenical Temple.
  6913 | D:5      | Reached skill level 9 in Axes
  6913 | D:5      | Reached skill level 1 in Shields
  7088 | D:6      | Found a shadowy altar of Dithmenos.
  7556 | D:6      | Reached XP level 9. HP: 75/79 MP: 8/8
  8952 | D:7      | Identified the ring "Zaymm" {Ice +Blink Fly Str+6 Int-3}
  9018 | D:7      | Reached skill level 10 in Axes
  9039 | D:7      | Noticed a two-headed ogre
  9084 | D:7      | Killed a two-headed ogre
  9384 | D:7      | Reached *** piety under Trog
  9614 | D:8      | Reached XP level 10. HP: 82/90 MP: 9/9
  9697 | D:8      | Reached skill level 11 in Axes
  9937 | D:8      | Found Geagij's Weapon Shoppe.
  9950 | D:8      | Found a transporter.
  9958 | D:8      | Found a transporter.
  9958 | D:8      | Noticed a moth of wrath
  9958 | D:8      | Noticed Psyche
  9979 | D:8      | Killed Psyche
 10060 | D:8      | Noticed Erica
 10093 | D:7      | Killed Erica
 10217 | D:8      | Found a bloodstained altar of Trog.
 10229 | D:8      | Noticed spimroxx's ghost (novice GnFi)
 10515 | D:8      | Found an ornate altar of the Wu Jian Council.
 10541 | D:8      | Noticed Harold
 13813 | D:8      | Killed Harold
 13814 | D:8      | Reached skill level 12 in Axes
 14545 | D:9      | Noticed Erolcha
 14600 | D:8      | Killed Erolcha
 14794 | D:9      | Found a shimmering altar of Xom.
 15000 | D:9      | Reached skill level 1 in Maces & Flails
 15226 | D:9      | Noticed a brown ugly thing
 15297 | D:8      | Killed a brown ugly thing
 15298 | D:8      | Reached XP level 11. HP: 99/99 MP: 10/10
 15457 | D:9      | Found an opulent altar of Gozag.
 16149 | D:10     | Entered Level 10 of the Dungeon
 16191 | D:10     | Noticed a boulder beetle
 16462 | D:9      | Killed a boulder beetle
 16669 | D:10     | Reached skill level 10 in Fighting
 19554 | D:11     | Noticed a two-headed ogre
 19609 | D:11     | Killed a two-headed ogre
 19610 | D:11     | Reached skill level 5 in Maces & Flails
 19610 | D:11     | Reached skill level 10 in Armour
 19737 | D:11     | Noticed a skeletal warrior
 19778 | D:10     | Killed a skeletal warrior
 19779 | D:10     | Reached skill level 13 in Axes
 19863 | D:11     | Noticed a boulder beetle
 19924 | D:11     | Noticed a death knight
 19925 | D:11     | Noticed a skeletal warrior
 19926 | D:11     | Identified the +6 war axe of Discretion {drain, Str+6}
 20263 | D:11     | Found a staircase to the Orcish Mines.
 20984 | D:11     | Killed a boulder beetle
 21201 | D:11     | Found a staircase to the Lair.
 21520 | D:11     | Killed a death knight
 21740 | D:11     | Noticed a centaur warrior
 21750 | D:11     | Noticed a centaur warrior
 21756 | D:11     | HP: 4/101 [centaur warrior/arrow (15)]
 21756 | D:11     | Slain by an orc warrior

Illustrated notes

Levels and vault maps discovered:
D:1:      dpeg_arrival_arbitrary_c, layout_basic
D:2:      layout_basic, basic_altar, serial_bayou_pond_b,
          kennysheep_big_empty_room
D:3:      layout_basic, mainiacjoe_overflow_swirl,
          dreamdust_ecumenical_altar_statues, uniq_terence
D:4:      layout_loops_ring, uniq_eustachio
D:5:      layout_cave_pools, grunt_temple_overflow_diamond, uniq_grinder
D:6:      layout_cave_pools, nicolae_dithmenos_the_darkroom, temple_pool_b,
          kennysheep_small_circle
D:7:      layout_rooms
D:8:      layout_basic, mainiacjoe_overflow_catwalk, serial_shops,
          nicolae_square_shop, gammafunk_ghost_wrathful_warriors,
          kennysheep_doodads, nicolae_lava_and_water, uniq_harold, uniq_erica,
          uniq_psyche
D:9:      layout_small_grid, amcnicky_altar_gilded, led_xom_imps,
          amcnicky_mini_rare_corridor_liquid, uniq_erolcha
D:10:     minmay_stone_box, layout_small_grid, serial_undead, serial_undead_e,
          serial_undead_c, serial_undead_f, serial_undead_b
D:11:     minmay_cut_squares, layout_gridville, lair_entry_dummy,
          minmay_orc_entry_temple_small, lemuel_old_faithful

Skill      XL: |  1  2  3  4  5  6  7  8  9 10 11 |
---------------+----------------------------------+-----
Axes           | 4 5 6 7 9 10 12 13 | 13.2
Fighting       | 4 5 6 7 8 9 10 | 10.6
Armour         | 3 4 5 6 8 9 10 | 10.4
Dodging        | 3 4 5 6 7 8 9 |  9.6
Shields        | 3 4 |  4.0
Maces & Flails | 1 6 |  6.8

Action                   |  1- 3 |  4- 6 |  7- 9 | 10-12 || total
-------------------------+-------+-------+-------+-------++-------
Melee: Hand axe          |    71 |   137 |   258 |    83 ||   549
       Headbutt          |     6 |    32 |    54 |    89 ||   181
       Flail             |       |       |       |   296 ||   296
Throw: Dart              |       |       |       |    15 ||    15
       Boomerang         |       |       |       |    54 ||    54
Invok: Berserk           |     3 |     4 |    13 |    19 ||    39
       Trog's Hand       |       |     5 |     6 |    22 ||    33
Evoke: Wand              |     1 |       |     3 |    19 ||    23
       Box of beasts     |       |       |       |     1 ||     1
  Use: Potion            |       |     3 |       |     4 ||     7
       Scroll            |       |     1 |     2 |    12 ||    15
Armor: Animal skin       |     6 |       |       |       ||     6
       Ring mail         |    11 |       |       |       ||    11
       Chain mail        |       |    88 |   178 |   207 ||   473
       Plate armour      |       |       |       |    23 ||    23
Dodge: Dodged            |    48 |    82 |   145 |   167 ||   442
Block: Buckler           |       |       |       |    66 ||    66
